Map: Nightscape LE

Players

MOTHERoaBOMB

  • Race: Terran Terran
  • League: Silver
  • Spawn Location: 1:00

Dog

  • Race: Terran Terran
  • League: Silver
  • Spawn Location: 1:00

BrothaKush - Winner!

  • Race: Zerg Zerg
  • League: Bronze
  • Spawn Location: 7:00

Shnapple - Winner!

  • Race: Terran Terran
  • League: Bronze
  • Spawn Location: 7:00

VOD

Have the link to the VOD?

Description

Time

  • Played on: Oct. 11, 2022, 12:19 a.m.
  • Length: 7:11
Show
View Real Time Build Order
Export as new Build Order

MOTHERoaBOMB Terran 

Build Orders:  

Get SALT Encoding   

  12  0:06  SCV  
  13  0:18  SCV  
  14  0:24  Supply Depot  
  14  0:31  SCV  
  15  0:37  Refinery  
  15  1:08  Barracks  
  15  1:45  SCV  
  16  1:57  SCV  
  17  2:05  Barracks Tech Lab  
  17  2:09  SCV  
  18  2:16  Factory  
  18  2:21  SCV  
  19  2:29  Supply Depot  
  19  2:32  Marine  
  19  2:33  SCV  
  21  2:45  SCV  
  21  2:50  Marine  
  23  2:59  SCV  
  23  3:01  Refinery  
  24  3:11  SCV  
  25  3:23  SCV  
  25  3:26  Siege Tank  
  29  3:39  Orbital Command  
  29  3:47  Starport  
  29  3:54  Barracks Tech Lab  
  29  4:41  Fusion Core  
  29  4:47  Engineering Bay  
  29  4:57  Supply Depot  
  29  5:04  Siege Tank  
  17  5:58  Marine  
  18  6:09  Missile Turret  
  18  6:16  Marine  
  14  6:31  Siege Tank  
  10  6:34  Marine  
Show
View Real Time Build Order
Export as new Build Order

Dog Terran 

Build Orders:  

Get SALT Encoding   

  12  0:01  SCV  
  13  0:23  Supply Depot  
  13  0:41  SCV  
  14  0:53  Barracks, SCV  
  15  1:03  Refinery  
  15  1:05  SCV  
  16  1:17  SCV  
  17  1:29  SCV  
  18  1:41  SCV  
  18  1:45  Bunker  
  19  2:06  Marine  
  20  2:13  Orbital Command  
  20  2:24  Marine  
  20  2:29  Factory  
  21  2:39  Refinery  
  21  2:40  SCV  
  21  2:42  Marine  
  23  2:55  Supply Depot  
  23  3:16  Marine  
  23  3:17  SCV, Factory Tech Lab  
  23  3:18  Supply Depot  
  25  3:29  SCV  
  26  3:41  Supply Depot, SCV  
  27  3:43  Command Center  
  27  4:00  Siege Tank  
  30  4:04  Supply Depot  
  30  4:13  SCV  
  31  4:25  SCV  
  32  4:32  Siege Tank  
  32  4:37  SCV  
  36  4:50  SCV  
  36  4:51  Refinery  
  37  4:57  Refinery  
  37  5:04  Siege Tank  
  7  6:28  Cyclone  
Show
View Real Time Build Order
Export as new Build Order

BrothaKush Zerg - Winner!

Build Orders: Pool First 

Get SALT Encoding   

  12  0:04  Drone  
  13  0:11  Drone  
  14  0:17  Overlord  
  14  0:39  Drone, Spawning Pool  
  14  0:47  Drone x2  
  16  0:59  Drone  
  16  1:02  Drone  
  18  1:11  Extractor  
  18  1:15  Drone  
  18  1:23  Drone  
  19  1:38  Hatchery  
  18  1:45  Drone x2  
  20  1:49  Extractor  
  20  1:53  Queen  
  21  1:55  Overlord  
  21  2:21  Zergling x4  
  23  2:23  Metabolic Boost  
  23  2:40  Lair  
  23  2:43  Zergling x4  
  25  2:52  Zergling x2  
  25  2:53  Zergling x2  
  27  3:09  Hatchery  
  26  3:21  Drone x2  
  26  3:22  Drone x2  
  26  3:25  Zergling x2  
  26  3:26  Zergling x2  
  32  3:40  Zergling x2  
  32  3:41  Zergling x4  
  35  4:00  Zergling x2  
  35  4:02  Overlord x3  
  36  4:13  Overlord x2  
  36  4:30  Drone x4  
  36  4:31  Drone  
  41  4:33  Drone  
  42  4:52  Zergling x2  
  43  4:53  Zergling x8  
  47  5:15  Zergling x14  
  47  5:46  Spire  
  45  6:11  Zergling x12  
  46  6:12  Zergling x6  
  54  6:35  Zergling x4  
  54  6:36  Zergling x8  
Show
View Real Time Build Order
Export as new Build Order

Shnapple Terran - Winner!

Build Orders: 1/1/1 

Get SALT Encoding   

  12  0:01  SCV  
  13  0:13  SCV  
  14  0:24  Supply Depot  
  14  0:25  SCV  
  15  0:29  Refinery  
  15  0:46  SCV  
  16  0:51  Barracks  
  16  0:58  SCV  
  16  1:02  Refinery  
  17  1:10  SCV  
  18  1:22  SCV  
  19  1:34  SCV  
  20  1:42  Factory  
  20  1:46  SCV  
  21  1:47  Supply Depot, Marine  
  22  1:58  SCV  
  23  2:08  Marine  
  23  2:13  Supply Depot  
  24  2:21  SCV  
  25  2:28  Factory Tech Lab  
  25  2:29  Starport  
  25  2:30  Marine  
  25  2:34  SCV  
  27  2:47  Siege Tank  
  27  2:48  Marine  
  31  2:55  Orbital Command  
  31  3:06  Marine  
  31  3:09  Supply Depot  
  32  3:19  Medivac  
  34  3:22  Siege Tank  
  34  3:23  Marine  
  38  3:42  Marine  
  38  3:47  SCV  
  40  3:49  Medivac  
  40  3:54  Siege Tank  
  40  3:55  Supply Depot  
  45  3:59  Marine  
  46  4:18  Command Center  
  35  6:05  Marine  
  35  6:07  Medivac, Siege Tank  
  41  6:22  Marine  
  42  6:40  Marine  
Tags
 
Add a new tag
Caveats
  • Supply blocks, unpowered buildings, or Contaminate may cause inaccurate times.
  • Supply counts are checked every 10 seconds.